 Dungeon Crawl Stone Soup version 0.27-a0-1200-g94dc6ad4cf (webtiles) character file.

Game seed: 2929033573901529828

354 bande the Shield-Bearer (level 6, -2/38 HPs)
             Began as a Gargoyle Fighter on May 31, 2021.
             Killed from afar by a white imp (6 damage)
             ... with a puff of frost
             ... summoned by Eustachio
             ... on level 4 of the Dungeon.
             The game lasted 00:07:50 (3620 turns).

bande the Shield-Bearer (Gargoyle Fighter)          Turns: 3620, Time: 00:07:50

Health: -2/38      AC: 17    Str: 21    XL:     6   Next: 63%
Magic:  6/6        EV:  8    Int:  8    God:
Gold:   101        SH: 10    Dex: 10    Spells: 5/5 levels left

rFire    . . .     SeeInvis .   a - +0 war axe
rCold    . . .     Faith    .   c - +1 kite shield
rNeg     + . .     Spirit   .   b - +0 scale mail
rPois    ∞         Reflect  .   n - +0 helmet
rElec    +         Harm     .   f - +0 cloak
rCorr    .         Rampage  .   l - +2 pair of gloves
Will     .....                  (no boots)
Stlth    ..........             (no amulet)
HPRegen  0.12/turn              (no ring)
MPRegen  0.10/turn              (no ring)

@: on berserk cooldown, slowed, very slow
A: sickness immunity, AC +4, negative energy resistance 1, electricity
resistance, torment resistance 1, petrification resistance
a: no special abilities


You were on level 4 of the Dungeon.
You visited 1 branch of the dungeon, and saw 5 of its levels.

You collected 101 gold pieces.

Inventory:

Hand Weapons
 a - a +0 war axe (weapon)
Armour
 b - a +0 scale mail (worn)
 c - a +1 kite shield (worn)
 f - a +0 cloak (worn)
 l - a +2 pair of gloves (worn)
 n - a +0 helmet (worn)
Jewellery
 g - a ring of wizardry
 i - an amulet of magic regeneration
 m - a ring of magical power
Potions
 d - 2 potions of curing {unknown}
 e - a potion of haste
 h - a potion of heal wounds {unknown}
 k - a potion of mutation {unknown}


   Skills:
 + Level 4.2 Fighting
 + Level 4.2 Axes
 + Level 4.2 Armour
 + Level 0.8 Dodging
 - Level 0.1 Stealth
 + Level 4.8 Shields


You had 5 spell levels left.
You didn't know any spells.
Your spell library was empty.

Dungeon Overview and Level Annotations

Branches:
Dungeon (5/15)
 Temple: D:4-7

Altars:
Dithmenos
Ru

Shops:
D:3 **(?

Annotations:
D:3 3 runed translucent doors, brennanasaurus's ghost, weakling DjFE
D:4 Eustachio


Innate Abilities, Weirdness & Mutations

You are immune to sickness and miasma.
Your stone body is resilient. (AC +4)
You are immune to poison.
You resist negative energy. (rN+)
You are resistant to electric shocks. (rElec)
You are resistant to unholy torment.
You are immune to petrification.


Message History

Eustachio blinks!
You feel your anger nearly subside.
You are no longer berserk.
You are exhausted.
You feel yourself slow down.
Eustachio gestures wildly while chanting.
The shadow imp gestures at you.
You barely resist. You block the ufetubus's attack.
The ufetubus closely misses you.
Eustachio mumbles some strange words.
The white imp gestures at you. The puff of frost hits you!
* * * LOW HITPOINT WARNING * * *
The ufetubus closely misses you. You block the ufetubus's attack.
The ufetubus closely misses you.
The ufetubus hits you but does no damage.
The quasit closely misses you. You block the quasit's attack.
The quasit claws you but does no damage.
The ufetubus disappears in a puff of smoke!
The quasit disappears in a puff of smoke!
Eustachio mumbles some strange words.
The shadow imp hits you but does no damage.
The ufetubus hits you but does no damage.
The ufetubus barely misses you. You block the shadow imp's attack.
You hit the shadow imp.
The shadow imp is heavily wounded.
You slash the ufetubus!
You kill the ufetubus!
The bat hits you but does no damage. The bat hits you.
* * * LOW HITPOINT WARNING * * *
Eustachio gestures wildly while chanting.
Eustachio blinks!
The shadow imp hits you but does no damage.
The white imp gestures at you. The puff of frost hits you.
* * * LOW HITPOINT WARNING * * *
You block the rat's attack.
The shadow imp hits you but does no damage.
The white imp puffs mist at you. The white imp gestures at you.
The puff of frost hits you.
You die...

#.#... ########## ##.#.#..
##...##...## ##S#...#.
##..........## #g#gg...#
#............# #.#gg≈≈.#
#...........r#########.#≈...≈#
#..........§r.......g..#≈._.≈#
##..........§rb#######.#≈...≈#
##...##....5@§....###.#.≈≈≈.#
#######.....5......#.#.....#
#..........#(...#...#.
#..........# ### #[........)#
#........)># #.(.......)....#
#<.....)...#......
#............###..


You could see a river rat (summoned), a white imp (summoned), a shadow imp
(summoned), a bat (summoned) and 2 rats.

Vanquished Creatures
  An ogre (D:2)
  A jelly (D:3)
  A hound (D:4)
  An orc wizard (D:3)
  Robin (D:4)
  5 adders
  5 gnolls (D:4)
  3 dart slugs
  3 orcs (D:3)
  6 bats
  5 endoplasms
  2 giant cockroaches
  9 hobgoblins
  A kobold (D:2)
  A quokka (D:1)
  6 ball pythons
  2 frilled lizards (D:1)
  17 goblins
  6 rats
76 creatures vanquished.

Vanquished Creatures (collateral kills)
  A ball python (D:2)
1 creature vanquished.

Grand Total: 77 creatures vanquished

Notes
Turn   | Place    | Note
-------+----------+-------------------------------------------
     0 | D:1      | bande the Gargoyle Fighter began the quest for the Orb.
     0 | D:1      | Reached XP level 1. HP: 14/14 MP: 1/1
   207 | D:1      | Reached XP level 2. HP: 19/19 MP: 2/2
   590 | D:1      | Reached XP level 3. HP: 23/23 MP: 3/3
  1262 | D:2      | Reached XP level 4. HP: 29/29 MP: 4/4
  1567 | D:2      | Noticed an ogre
  1575 | D:2      | Killed an ogre
  1576 | D:2      | Reached XP level 5. HP: 19/33 MP: 5/5
  1728 | D:3      | Found Eklyejiu's Assorted Antiques.
  2133 | D:3      | Found Fohaf's Assorted Antiques.
  2150 | D:3      | Found a runed translucent gate.
  2151 | D:3      | Found a runed translucent gate.
  2151 | D:3      | Noticed a kobold brigand
  2210 | D:3      | Found a shadowy altar of Dithmenos.
  2296 | D:3      | Found Ifeff's Magic Scroll Boutique.
  2345 | D:3      | Found Rylex's Weapon Boutique.
  2498 | D:3      | Found a runed translucent gate.
  2499 | D:3      | Noticed brennanasaurus's ghost (weakling DjFE)
  2721 | D:4      | Reached XP level 6. HP: 26/38 MP: 6/6
  2861 | D:4      | Found a sacrificial altar of Ru.
  2861 | D:4      | Noticed Robin
  3127 | D:4      | Killed Robin
  3199 | D:5      | Entered Level 5 of the Dungeon
  3222 | D:5      | Noticed Eustachio
  3620 | D:4      | Killed from afar by a white imp

Illustrated notes

Levels and vault maps discovered:
D:1:      nagdon_arrival_double_spiral, layout_basic
D:2:      layout_basic, serial_curves, eino_curves_02, eino_curves_02
D:3:      layout_basic, nicolae_overflow_crystal_walls,
          gammafunk_ghost_nasty_kobolds, serial_shops, shop, nicolae_shop_stone,
          shop, nicolae_shop_statue_plus, kennysheep_generic_room_3
D:4:      layout_rooms, nicolae_ru_awakened_eye, lemuel_crystal_altar,
          supply_closet_lemuel, uniq_ijyb, uniq_menkaure, uniq_robin,
          uniq_duvessa
D:5:      layout_basic, zin_academy, minmay_temple_entry_poolview,
          uniq_eustachio, uniq_blork_the_orc

Skill      XL: |  1  2  3  4  5  6 |
---------------+-------------------+-----
Axes           | 2 3 4 |  4.2
Shields        | 4 |  4.8
Fighting       | 4 |  4.2
Armour         | 4 |  4.2
Dodging        | |  0.8
Stealth        | |  0.1

Action                   |  1- 3 |  4- 6 || total
-------------------------+-------+-------++-------
Melee: War axe           |   146 |   168 ||   314
  Use: Scroll            |     4 |     4 ||     8
       Potion            |       |     2 ||     2
Armor: Scale mail        |    93 |   123 ||   216
Dodge: Dodged            |    68 |    60 ||   128
Block: Kite shield       |   103 |   131 ||   234

Table legend: (Time is in decaauts)
 A = Elapsed time spent in this place.
 B = Non-inter-level travel time spent in this place.
 C = Inter-level travel time spent in this place.
 D = Time resting spent in this place.
 E = Time spent auto-exploring this place.
 F = Levels seen in this place.
 G = Mean time per level.
                   A        B        C        D        E       F      G
               +--------+--------+--------+--------+--------+-----+--------+
         Total |   3841 |   3841 |      0 |    877 |   2037 |   5 |  768.2 |
       Dungeon |   3841 |   3841 |      0 |    877 |   2037 |   5 |  768.2 |
               +--------+--------+--------+--------+--------+-----+--------+

Top non-repeatable levels by time:
     D:3: 1240 daAuts
     D:1: 1090 daAuts
     D:2: 773 daAuts
     D:4: 673 daAuts
     D:5: 64 daAuts
